 Dungeon Crawl Stone Soup version 0.22.1-2-g9c5b331 (webtiles) character file.

28 Matador8 the Grave Robber (level 3, 0/24 HPs)
             Began as a Human Necromancer on Dec 22, 2018.
             Succumbed to an adder's poison
             ... on level 1 of the Dungeon.
             The game lasted 00:08:05 (1462 turns).

Matador8 the Grave Robber (Human Necromancer)       Turns: 1462, Time: 00:08:06

Health: 0/24       AC:  2    Str:  8    XL:     3   Next: 30%
Magic:  6/6        EV: 12    Int: 21    God:
Gold:   43         SH:  0    Dex: 13    Spells: 4/6 levels left

rFire    . . .     SeeInvis .   d - +2 short sword (holy)
rCold    . . .     Gourm    .   (no shield)
rNeg     . . .     Faith    .   a - +0 robe
rPois    .         Spirit   .   (no helmet)
rElec    .         Reflect  .   (no cloak)
rCorr    .         Harm     .   (no gloves)
MR       .....                  (no boots)
Stlth    ++........             (no amulet)
HPRegen  0.08/turn              (no ring)
MPRegen  0.10/turn              (no ring)

@: brilliant, lethally poisoned (0 -> -8), very slightly contaminated
A: no striking features
a: no special abilities


You were on level 1 of the Dungeon.
You were not hungry.

You visited 1 branch of the dungeon, and saw 2 of its levels.

You collected 43 gold pieces.

Inventory:

Hand Weapons
 d - a +2 short sword of holy wrath (weapon)
 h - a +3 spear
Missiles
 g - 3 javelins (quivered)
 j - 3 javelins of penetration
Armour
 a - a +0 robe (worn)
 n - a +0 scale mail
Scrolls
 e - a scroll of identify {unknown}
 f - a scroll of teleportation {unknown}
 i - a scroll of amnesia {unknown}
Potions
 m - a potion of ambrosia {unknown}
Comestibles
 b - 5 chunks of flesh
 c - 3 rations


   Skills:
 - Level 0.1 Short Blades
 - Level 2.0 Dodging
 + Level 2.6 Stealth
 - Level 2.0 Spellcasting
 * Level 4.7 Necromancy


You had 4 spell levels left.
You knew the following spells:

 Your Spells              Type           Power        Failure   Level  Hunger
a - Pain                  Necr           ####         1%          1    #......
b - Animate Skeleton      Necr           N/A          1%          1    #......

Your spell library contained the following spells:

 Spells                   Type           Power        Failure   Level  Hunger
 Vampiric Draining        Necr           ####......   1%          3    ###....
 Regeneration             Chrm/Necr      ###.......   2%          3    ###....
 Animate Dead             Necr           N/A          2%          4    #####..


Dungeon Overview and Level Annotations

Branches:
Dungeon (2/15)

Altars:


Message History

Your goblin skeleton closely misses the hobgoblin.
Casting: Pain (safe; 3% risk of failure)
Confirm with . or Enter, or press ? or * to list all spells.
Aiming: Pain (safe; 3% risk of failure)
Press: ? - help, Shift-Dir - straight line, f/p - adder
Aim: an adder (heavily wounded, chance to defeat MR: 81%)
The adder writhes in agony!
* * * LOW HITPOINT WARNING * * *
You feel sick. The adder barely misses you. The hobgoblin closely misses you.
The hobgoblin hits you but does no damage.
The adder bites you.
* * * LOW HITPOINT WARNING * * *
It was a potion of magic.
Magic courses through your body. The hobgoblin closely misses you.
Your goblin skeleton closely misses the hobgoblin.
The hobgoblin closely misses you. The adder bites you.
* * * LOW HITPOINT WARNING * * *
It was a potion of brilliance.
You feel clever all of a sudden.
You die...

##.## ##.......##
##.#.### #. #.# ##.....##
###.# #. #.# ##...######
#.# ## #.# ##.......# #.#
#.# #..####.# #.#
#.#########..# #.# #.#
#.........#..####.#####.#
#########..Zg##...Z.....#
#...S@#.#.#######
##...g##.#.# #..........#
##.######### ###


You could see an adder, 2 hobgoblins and a friendly goblin skeleton.

Vanquished Creatures
  2 leopard geckos
  2 giant cockroaches (D:1)
  A goblin (D:1)
  2 hobgoblins (D:1)
  4 jackals (D:1)
  6 kobolds (D:1)
  3 bats (D:1)
  3 frilled lizards (D:1)
  3 rats (D:1)
26 creatures vanquished.

Vanquished Creatures (collateral kills)
  A bat (D:1)
1 creature vanquished.

Grand Total: 27 creatures vanquished

Notes
Turn   | Place    | Note
-------+----------+-------------------------------------------
     0 | D:1      | Matador8 the Human Necromancer began the quest for the Orb.
     0 | D:1      | Reached XP level 1. HP: 13/13 MP: 3/3
   306 | D:1      | Reached XP level 2. HP: 9/19 MP: 3/5
   506 | D:1      | Learned a level 1 spell: Animate Skeleton
   952 | D:1      | Reached XP level 3. HP: 24/24 MP: 6/6
  1461 | D:1      | HP: 1/24 [adder (1)]
  1462 | D:1      | Succumbed to an adder's poison

Action                   || total
-------------------------++-------
Melee: Short sword       ||    58
 Cast: Pain              ||     9
       Animate Skeleton  ||     9
  Use: Potion            ||     2
 Stab: Sleeping          ||     3
  Eat: Chunk             ||     2
Armor: Robe              ||    12
Dodge: Dodged            ||    50
